 Dungeon Crawl Stone Soup version 0.30-a0-305-g026cb31310 (webtiles) character file.

Game seed: 16823871859329467481

779 KristoblXynda the Trooper (level 7, -1/56 HPs)
             Began as a Demonspawn Monk on Oct 24, 2022.
             Slain by a yak (11 damage)
             ... on level 8 of the Dungeon.
             The game lasted 00:05:57 (4871 turns).

KristoblXynda the Trooper (Demonspawn Monk)         Turns: 4871, Time: 00:05:58

Health: -1/56      AC:  8    Str: 17    XL:     7   Next: 54%
Magic:  7/7        EV: 13    Int: 13    God:
Gold:   265        SH:  0    Dex: 16    Spells: 6/6 levels left

rFire   . . .      SeeInvis .      - Unarmed
rCold   . . .      Faith    .    (no shield)
rNeg    . . .      Spirit   .    j - +1 ring mail "Joumapa" {rPois Str+4 Int+2}
rPois   +          Reflect  .    (no helmet)
rElec   .          Harm     .    (no cloak)
rCorr   .          Rampage  .    (no gloves)
Will    .....                    (no boots)
Stlth   ..........               (no amulet)
HPRegen 0.29/turn                (no ring)
MPRegen 0.20/turn                (no ring)

@: confused, ambrosia-drunk
A: molten scales 1, magic regeneration, condensation shield
a: no special abilities


You were on level 8 of the Dungeon.
You visited 1 branch of the dungeon, and saw 6 of its levels.

You collected 315 gold pieces.
You spent 50 gold pieces at shops.

Inventory:

Armour
 j - the +1 ring mail "Joumapa" (worn) {rPois Str+4 Int+2}
   (You found it on level 8 of the Dungeon)

   Str:       It affects your strength (+4).
   Int:       It affects your intelligence (+2).
   rPois:     It protects you from poison.
Jewellery
 g - an amulet of faith
Wands
 p - a wand of flame (2)
Scrolls
 c - 2 scrolls of enchant armour
 e - a scroll of summoning
 f - a scroll of teleportation
 h - a scroll of magic mapping
 i - a scroll of fog
 k - a scroll of immolation {unknown}
 l - a scroll of amnesia {unknown}
 m - a scroll of fear {unknown}
 n - a scroll of brand weapon {unknown}
Potions
 a - a potion of haste {unknown}
 d - 4 potions of brilliance
 o - a potion of cancellation {unknown}


   Skills:
 + Level 5.2 Fighting
 + Level 3.2 Armour
 + Level 4.7 Dodging
 - Level 1.7 Stealth
 + Level 4.8 Unarmed Combat


You had 6 spell levels left.
You didn't know any spells.
Your spell library contained the following spells:

 Spells                   Type           Power      Damage    Failure   Level
 Necrotise                Necr           0%         1d4       50%         1
 Cigotuvi's Dreadful Rot  Necr/Pois/Air  0%         N/A       63%         2
 Poisonous Vapours        Pois/Air       0%         N/A       63%         2
 Mephitic Cloud           Conj/Pois/Air  0%         N/A       86%         3
 Vampiric Draining        Necr           0%         2d6       86%         3
 Agony                    Necr           0%         N/A       100%        5


Dungeon Overview and Level Annotations

Branches:
Dungeon (5/15)
 Temple: D:4-7

Altars:

Shops:
D:1 *   D:2 ?


Innate Abilities, Weirdness & Mutations

You are partially covered in molten scales. (AC +2)
You regenerate magic rapidly.
A meltable shield of frost defends you. (SH +4)


Message History

Unknown command.
As you read the scroll labelled COJUIL KITAORGH, it crumbles to dust.
You feel aware of your surroundings.
You sensed 1 altar, and 1 shop/portal.
It was a scroll of magic mapping.
Unknown command.
Your surroundings suddenly seem different.
Found a smoking ring mail.
Found two stone staircases leading up.
You see here the +1 ring mail "Joumapa" {rPois Str+4 Int+2}.
j - the +1 ring mail "Joumapa" {rPois Str+4 Int+2} You start removing your armour.
You continue taking off the +0 robe of Gravity {Str+4}. x4
You finish taking off the +0 robe of Gravity {Str+4}.
You start putting on your armour.
You continue putting on the +1 ring mail "Joumapa" {rPois Str+4 Int+2}. x5
You finish putting on the +1 ring mail "Joumapa" {rPois Str+4 Int+2}.
You feel stronger.
You feel clever.
You drop the +0 robe of Gravity {Str+4}.
A yak comes into view.
The yak bellows!
A yak comes into view. x2
A yak comes into view.
Found a stone staircase leading down.
The yak bellows! x3; You hear a shout!
The yak gores you. The yak attacks as you move away!
You block the yak's attack. The yak attacks as you move away!
The yak gores you. The yak closely misses you. The yak gores you.
The yak gores you. The yak gores you! The yak attacks as you move away!
The yak gores you but does no damage. The yak attacks as you move away!
The yak gores you! The yak gores you!
* * * LOW HITPOINT WARNING * * *
The yak gores you!
* * * LOW HITPOINT WARNING * * *
Okay, then.
You are confused.
You feel invigorated. The yak gores you but does no damage.
You bump into the rock wall.
The yak gores you!
You die...

##[.............##*,****,,,,,**
#..................,.#,,,,,,,,,
#..................#..,,,,,,,,,
#................##..#,,,,,,,,,
#................#..#**,,,,,,,,
#..................#*,**,,,,,,,
#.................##,∩,**,,,,,,
#............YY....#*,*+,,,,,,,
#...........YY@#..,,***,,,*****
#..........#####***,,*,,*,*
#<.<#####...* **,,,**,* #####
##..#* **,,**,***** #...*
**,**,**,,, ****##..#*
*,,,,,,,,,, *,,,**...*
*,,,,,,,,,, *,,,,**,,**
**,,,,,,,,, *,,,,,*,,,*
**,,,,,,,,,


You could see 4 yaks.

Vanquished Creatures
  2 ice beasts
  An ogre (D:5)
  A phantom (D:5)
  A scorpion (D:3)
  3 electric eels (D:4)
  An orc priest (D:3)
  An iguana (D:5)
  5 gnolls
  6 adders
  A white imp (D:4)
  An ufetubus (D:4)
  3 worms
  5 dart slugs
  4 orcs
  9 ball pythons
  11 endoplasms
  2 giant cockroaches
  6 goblins
  6 hobgoblins
  5 kobolds
  4 quokkas
  4 bats
  2 frilled lizards
  13 rats
97 creatures vanquished.

Vanquished Creatures (others)
  2 plants
2 creatures vanquished.

Grand Total: 99 creatures vanquished

Notes
Turn   | Place    | Note
-------+----------+-------------------------------------------
     0 | D:1      | KristoblXynda the Demonspawn Monk began the quest for the
                  | Orb.
     0 | D:1      | Reached XP level 1. HP: 18/18 MP: 1/1
   125 | D:1      | Gained mutation: A meltable shield of frost defends you.
                  | (SH +4) [demonic ancestry]
   125 | D:1      | Reached XP level 2. HP: 12/24 MP: 2/2
   469 | D:1      | Gained mutation: You are partially covered in molten
                  | scales. (AC +2) [demonic ancestry]
   469 | D:1      | Reached XP level 3. HP: 29/29 MP: 3/3
   631 | D:1      | Found a faded altar of an unknown god.
   646 | D:1      | Found Keikux's Assorted Antiques.
   721 | D:1      | Bought a glowing grey potion for 26 gold pieces
  1262 | D:2      | Found Iskae's Magic Scroll Emporium.
  1265 | D:2      | Bought a scroll of identify for 24 gold pieces
  1280 | D:2      | Reached XP level 4. HP: 37/37 MP: 4/4
  2197 | D:3      | Reached skill level 1 in Armour
  2264 | D:3      | Noticed a scorpion
  2286 | D:3      | Killed a scorpion
  2287 | D:3      | Reached skill level 4 in Fighting
  2287 | D:3      | Gained mutation: You regenerate magic rapidly. [demonic
                  | ancestry]
  2287 | D:3      | Reached XP level 5. HP: 30/42 MP: 5/5
  3083 | D:4      | Found a transporter.
  3271 | D:4      | Noticed an ice beast
  3417 | D:4      | Found a transporter.
  3519 | D:4      | Killed an ice beast
  3520 | D:4      | Reached XP level 6. HP: 34/49 MP: 6/6
  3980 | D:5      | Entered Level 5 of the Dungeon
  4001 | D:5      | HP: 1/49 [ogre/+0 giant club (14)]
  4005 | D:5      | Reached XP level 7. HP: 2/55 MP: 7/7
  4204 | D:5      | Reached skill level 5 in Fighting
  4515 | D:5      | Identified the +0 robe of Gravity {Str+4}
  4834 | D:5      | You fall into a shaft and drop 3 floors!
  4845 | D:8      | Identified the +1 ring mail "Joumapa" {rPois Str+4 Int+2}
  4858 | D:8      | Noticed a yak
  4859 | D:8      | Noticed a yak
  4859 | D:8      | Noticed a yak
  4861 | D:8      | Noticed a yak
  4869 | D:8      | HP: 1/56 [yak (10)]
  4871 | D:8      | Slain by a yak

Illustrated notes

Levels and vault maps discovered:
D:1:      co_arrival_two_rings, layout_basic, serial_shops, shop, serial_forest,
          infiniplex_forest_side_room, infiniplex_forest_zigzag_1,
          infiniplex_forest_diagonal, infiniplex_forest_lined_3,
          infiniplex_forest_straight_4, shapermc_ecumenical_altar_venn,
          minmay_rat_gold_closets
D:2:      layout_rooms, serial_shops, nicolae_shop_behind_doors,
          minmay_increasing_density
D:3:      layout_rooms
D:4:      gammafunk_steamed_eel, layout_rooms, minmay_three_crescents
D:5:      layout_basic
D:8:      layout_cave_pods, nicolae_sif_muna_little_library, enter_ossuary_5

Skill      XL: |  1  2  3  4  5  6  7 |
---------------+----------------------+-----
Unarmed Combat | 3 4 |  4.8
Dodging        | 3 4 |  4.7
Armour         | 1 2 3 |  3.2
Fighting       | 4 5 |  5.2
Stealth        | |  1.7

Action                   |  1- 3 |  4- 6 |  7- 9 || total
-------------------------+-------+-------+-------++-------
Melee: Unarmed           |   148 |   285 |    52 ||   485
       Punch             |     6 |     8 |     2 ||    16
Evoke: Wand              |       |     8 |     9 ||    17
  Use: Scroll            |     3 |       |     3 ||     6
       Potion            |       |     5 |     1 ||     6
 Stab: Sleeping          |     5 |     1 |       ||     6
Armor: Robe              |    16 |       |     2 ||    18
       Ring mail         |     5 |    74 |     8 ||    87
Dodge: Dodged            |    64 |   150 |    26 ||   240
Block: Other             |    13 |    41 |    10 ||    64

Table legend: (Time is in decaauts)
 A = Elapsed time spent in this place.
 B = Non-inter-level travel time spent in this place.
 C = Inter-level travel time spent in this place.
 D = Time resting spent in this place.
 E = Time spent auto-exploring this place.
 F = Levels seen in this place.
 G = Mean time per level.
                   A        B        C        D        E       F      G
               +--------+--------+--------+--------+--------+-----+--------+
         Total |   4870 |   4729 |    141 |   1536 |   2261 |   6 |  811.7 |
       Dungeon |   4870 |   4729 |    141 |   1536 |   2261 |   6 |  811.7 |
               +--------+--------+--------+--------+--------+-----+--------+

Top non-repeatable levels by time:
     D:3: 1130 daAuts
     D:1: 1029 daAuts
     D:2: 984 daAuts
     D:5: 848 daAuts
     D:4: 840 daAuts
     D:8: 36 daAuts
